Cogmind - Beta 12 @@@ ROGUE MODE // 2023.11.25 @ 15:12:07 Player: Mozco Result: Destroyed by G-34 Mercenary with Small Laser Performance ------------- Evolutions (0) 0 Regions Visited (1) 200 Robots Destroyed (31) 155 Value Destroyed (735) 735 Prototype IDs (0) 0 Alien Tech Used (0) 0 Bonus (0) 0 TOTAL SCORE: 1090 Bonus ------- None Cogmind --------- Core Integrity 0/250 Matter 300/300 Energy 260/265 System Corruption 0% Temperature Cool (6) Movement Rolling (115) Ox1 Location -10/Materials Parts ------- > --- POWER (1) -------- Improved Ion Engine > --- PROPULSION (2) --- Compact Wheel > --- UTILITY (2) ------ Large Storage Unit Visual Processing Unit > --- WEAPON (2) ------- Mace Mace > --- INVENTORY (15) --- Light Treads Aluminum Leg Improved Heat Sink High-capacity Storage Unit Signal Interpreter Power Shielding Power Shielding Weapon Shielding Weapon Shielding EM Shotgun EM Shotgun EM Shotgun EM Shotgun Particle Gun Assault Rifle Peak State ------------ > --- POWER ------------ Light Nuclear Core > --- PROPULSION ------- Light Treads Light Treads > --- UTILITY ---------- Large Storage Unit Visual Processing Unit > --- WEAPON ----------- Particle Gun Mace > --- INVENTORY -------- Light Ion Engine Compact Wheel Compact Wheel Medium Storage Unit High-capacity Storage Unit Signal Interpreter Weapon Shielding Weapon Shielding Assault Rifle Mace [Rating: 13] Favorites ----------- Power Light Nuclear Core Engine Improved Ion Engine Power Core Light Nuclear Core Propulsion Light Treads Treads Light Treads Wheel Compact Wheel Utility Visual Processing Unit Storage Large Storage Unit Processor Visual Processing Unit Weapon Mace Energy Gun Particle Gun Ballistic Gun Assault Rifle Impact Weapon Mace Build | -11 -10 ------- Run | Jun Mat Slots Evolved . | . . Power . | . . Propulsion . | . . Utility . | . . Weapon . | . . Parts Attached 23 | 6 17 Power 4 | 1 3 Engine 3 | 1 2 Core 1 | . 1 Reactor . | . . Propulsion 10 | 2 8 Treads 4 | . 4 Leg . | . . Wheel 6 | 2 4 Hover . | . . Flight . | . . Utility 4 | 1 3 Device . | . . Storage 3 | 1 2 Processor 1 | . 1 Hackware . | . . Protection . | . . Artifact . | . . Weapon 5 | 2 3 Energy Gun 2 | 1 1 Energy Cannon . | . . Ballistic Gun 1 | 1 . Ballistic Cannon . | . . Launcher . | . . Special Weapon . | . . Impact Weapon 2 | . 2 Slashing Weapon . | . . Piercing Weapon . | . . Special Melee Weapon . | . . Unidentified Prototypes . | . . Parts Lost 3 | . 3 Power . | . . Propulsion 3 | . 3 Utility . | . . Weapon . | . . Highest Loss Streak 1 | . 1 To Critical Strikes . | . . Average Slot Usage (%) 97 | . 97 Engine 6 | . 6 Core 7 | . 7 Treads 15 | . 15 Wheel 10 | . 10 Storage 14 | . 14 Processor 12 | . 12 Energy Gun 9 | . 9 Ballistic Gun 9 | . 9 Impact Weapon 9 | . 9 Naked Turns . | . . Heaviest Build 31 | 13 31 Greatest Support 40 | 26 40 Greatest Overweight (x) 1 | . 1 Average Overweight (x) . | . . Largest Inventory Capacity 15 | 8 15 Average Capacity 11 | 7 12 Most Carried 15 | 8 15 Average Carried 9 | 4 9 Final Capacity 15 | 8 15 Final Carried 15 | 8 15 Class Distribution -------------------- 56% | Mutant 43% | Scavenger-Mutant Dominant Class ---------------- Mutant | -10/Materials Resources | -11 -10 ----------- Run | Jun Mat Matter Collected 572 | 263 309 Remotely . | . . Salvage Created 1079 | 91 988 Parts 53 | 3 50 Haulers Intercepted 2 | . 2 Recyclers Shooed . | . . Parts Field Recycled . | . . Retrieved Matter . | . . Parts Self-Destructed . | . . Prevented . | . . Kills | -11 -10 ------- Run | Jun Mat Combat Hostiles Destroyed 20 | . 20 Melee 6 | . 6 Guns 9 | . 9 Classes Destroyed 8 | 1 7 Worker 1 | . 1 Builder 2 | . 2 Hauler 2 | . 2 Recycler 2 | 1 1 Operator 1 | . 1 Watcher 3 | . 3 Swarmer 3 | . 3 Grunt 17 | . 17 Best Kill Streak 7 | 1 7 Combat Bots Only 4 | . 4 Max Kills in Single Turn 2 | 1 2 Gunslinging . | . . Exploded . | . . Melee 1 | . 1 Uniques/NPCs Destroyed . | . . Combat | -11 -10 -------- Run | Jun Mat Damage Taken 1096 | . 1096 Core 250 | . 250 Absorbed by Shields . | . . Core Remaining (%) 100 | 100 . Volleys Fired 49 | 1 48 Largest 2 | 2 2 Hottest 85 | 60 85 Shots Fired 96 | 2 94 Gun 96 | 2 94 Cannon . | . . Launcher . | . . Special . | . . Kinetic 49 | 1 48 Thermal 47 | 1 46 Explosive . | . . Electromagnetic . | . . Robot Hit Streak 7 | 2 7 Robot Miss Streak 3 | . 3 Penetration Max . | . . Secondary Targets 2 | . 2 Max Gunslinging Chain 1 | . 1 Shots Hit Robots 99 | 2 97 Core Hits 33 | 1 32 Critical Kills 1 | . 1 Critical Parts Destroyed 10 | . 10 Critical Strikes 11 | . 11 Smash 11 | . 11 Melee Attacks 57 | . 57 Impact 57 | . 57 Slashing . | . . Piercing . | . . Sneak Attacks 5 | . 5 Combat Hostiles 1 | . 1 Follow-up Attacks 7 | . 7 Damage Inflicted 2140 | 25 2115 Guns 729 | 25 704 Cannons . | . . Explosions . | . . Melee 1411 | . 1411 Ramming . | . . Kinetic 395 | 15 380 Thermal 334 | 10 324 Explosive . | . . Electromagnetic . | . . Impact 1411 | . 1411 Slashing . | . . Piercing . | . . Highest Corruption . | . . Average Corruption . | . . Corruption Purged . | . . Corruption Blocked . | . . Overload Shots . | . . Overflow Damage 469 | . 469 Projectiles . | . . Explosions . | . . Melee 469 | . 469 Knockbacks 3 | . 3 Impact 3 | . 3 Kinetic . | . . Secondary . | . . Self-Inflicted Damage . | . . Shots . | . . Rammed . | . . Targets Rammed . | . . Kicked . | . . Crushed . | . . Highest Temperature 132 | . 132 Average Temperature 30 | . 30 Received Heat Transfer 522 | . 522 Siege Activations . | . . Robots Corrupted . | . . Combat Hostiles . | . . Parts Fried 13 | . 13 Impact Corruptions 20 | . 20 Robots Melted . | . . Combat Hostiles . | . . Parts Melted 1 | . 1 Heat Transferred 796 | 25 771 Parts Sabotaged . | . . Parts Stolen . | . . Parts Stripped . | . . Power Chain Reactions . | . . Missiles Intercepted . | . . Alert | -11 -10 ------- Run | Jun Mat Peak Influence 273 | 5 273 Initial 3 | . 3 Average 97 | 3 101 Maximum Alert Level 1 | . 1 Low Security (%) 85 | 100 85 Level 1 14 | . 14 Level 2 . | . . Level 3 . | . . Level 4 . | . . Level 5 . | . . High Security . | . . Max Security . | . . Squads Dispatched 6 | . 6 Investigation 4 | . 4 Extermination . | . . Reinforcement 2 | . 2 Assault . | . . Garrison . | . . Intercept . | . . Searches Triggered . | . . Construction Impeded . | . . Haulers Reinforced . | . . Active Scanning Responses . | . . Cargo Convoy Interrupts . | . . Stealth | -11 -10 --------- Run | Jun Mat Distress Signals 2 | . 2 Communications Jammed . | . . Distress Signals . | . . Times Spotted 31 | . 31 Peak Tracking Total 8 | . 8 Tactical Retreats 1 | . 1 Traps | -11 -10 ------- Run | Jun Mat Traps Triggered 1 | . 1 Indirectly . | . . Trap Hack Attempts . | . . Triggered . | . . Disarmed . | . . Reprogrammed . | . . Reused . | . . Traps Extracted . | . . Installed . | . . Triggered . | . . Machines | -11 -10 ---------- Run | Jun Mat Machines Disabled 1 | . 1 Max in Single Turn 1 | . 1 Machines Repaired . | . . Machines Sabotaged . | . . Overloaded Fab Kills . | . . Hacking | -11 -10 --------- Run | Jun Mat Machines Accessed 9 | . 9 Terminals 7 | . 7 Fabricators . | . . Repair Stations . | . . Recycling Units 2 | . 2 Scanalyzers . | . . Garrison Access . | . . Total Hacks 24 | . 24 Successful 12 | . 12 Failed 12 | . 12 Catastrophic . | . . Database Lockouts . | . . Manual 11 | . 11 Terminals 21 | . 21 Fabricators . | . . Repair Stations . | . . Recycling Units 3 | . 3 Scanalyzers . | . . Garrison Access . | . . Terminal Hacks 9 | . 9 Record 1 | . 1 Robot Analysis 5 | . 5 Emergency Access Points 1 | . 1 Locate Traps 1 | . 1 Zone Layout 1 | . 1 Fabricator Hacks . | . . Repair Station Hacks . | . . Recycling Unit Hacks . | . . Scanalyzer . | . . Garrison Access Hacks . | . . Unauthorized Hacks 3 | . 3 Terminals 1 | . 1 Botnet 1 | . 1 Fabricators . | . . Repair Stations . | . . Recycling Units 2 | . 2 Tunnel 2 | . 2 Scanalyzers . | . . Garrison Access . | . . Data Cores Recovered . | . . Used . | . . Hacking Detections 7 | . 7 Full Trace Events 1 | . 1 Feedback Events . | . . Feedback Blocked . | . . Robot Schematics Acquired . | . . Robots Built . | . . Authchips . | . . Time . | . . Total Robot Build Rating . | . . Part Schematics Acquired . | . . Parts Built . | . . Authchips . | . . Time . | . . Total Part Build Rating . | . . Parts Repaired . | . . Time . | . . Parts Recycled . | . . Recycled Matter . | . . Retrieved Matter . | . . Retrieved Components . | . . Parts Scanalyzed . | . . Part Schematics Acquired . | . . Parts Damaged . | . . Bothacking | -11 -10 ------------ Run | Jun Mat Used RIF Installer . | . . Robots Hacked . | . . Non-combat . | . . Combat . | . . Robot Hacks Applied . | . . Relay Couplers Released . | . . Fabnet Peak Effective % . | . . Robots Rewired . | . . Allies Hacked . | . . Hacks Repelled . | . . Allies | -11 -10 -------- Run | Jun Mat Total Allies . | . . Largest Group . | . . Highest-Rated Group . | . . Highest-Rated Ally . | . . Total Orders . | . . Ally Attacks . | . . Total Damage . | . . Kills . | . . Allies Corrupted . | . . Allies Melted . | . . Intel | -11 -10 ------- Run | Jun Mat Robot Analysis Total 5 | . 5 Derelict Logs Recovered . | . . Drone Launches . | . . Drone Recoveries . | . . Exploration | -11 -10 ------------- Run | Jun Mat Turns Passed 1616 | 69 1547 Spaces Moved 956 | 59 897 Core 9 | 9 . Treads 437 | . 437 Legs . | . . Wheels 510 | 50 460 Hover . | . . Flight . | . . Fastest Speed 50 | 50 90 Average Speed 127 | 84 129 Slowest Speed 240 | 100 240 Overloaded Moves . | . . Propulsion Burnouts . | . . Robots Hopped . | . . Cave-ins Triggered . | . . Exploration Rate (%) 49 | 3 95 Regions Visited 1 Branch Regions . Pre-discovered Areas 2 | . 2 Known Exits Taken . | . . Unknown Exits Taken 1 | 1 . Scrap Searched . | . . Spaces Dug . | . . Terrain Destroyed . | . . Melee . | . . Projectile . | . . AOE . | . . Terrain Rammed . | . . Walls Destroyed . | . . Machines Disabled . | . . Actions | -11 -10 --------- Run | Jun Mat Total 1176 | 73 1103 Wait 60 | . 60 Move 955 | 58 897 Hop . | . . Pick Up 25 | 8 17 Fast Attach 8 | 6 2 Attach 2 | . 2 Detach . | . . Swap 13 | . 13 Drop 16 | . 16 Fire 49 | 1 48 Melee 48 | . 48 Ram . | . . Kick . | . . Crush . | . . Escape Stasis . | . . Rewire . | . . Trap . | . . Miscellaneous . | . . Route ------- -11/Junkyard -10/Materials (discovered 4 exits: [*Mat x3] / [*Min]) History --------- Turn | Location | Event 2 | -11/Junkyard | Met Revision 17 41 | -11/Junkyard | Discovered new exit (range 14) 70 | -11/Junkyard | Entered Materials 158 | -10/Materials | Discovered new exit (range 4) 229 | -10/Materials | Discovered new exit (range 8) 317 | -10/Materials | Build established: Mutant 402 | -10/Materials | Discovered new exit (range 18) 709 | -10/Materials | Build established: Scavenger-Mutant 969 | -10/Materials | Discovered new exit (range 3) 1213 | -10/Materials | Core integrity fell below 50% 1361 | -10/Materials | Core integrity fell below 20% 1403 | -10/Materials | Build established: Mutant 1617 | -10/Materials | Destroyed by G-34 Mercenary with Small Laser Last Messages --------------- 01567_ Connecting with Recycling Unit... >>Force(Tunnel) DISCOVERED[-4/Armory] 01567_ ALERT: Suspicious activity at Recycling Unit M002. Dispatching Investigation squad. 01586_ Mace follow-up attack on G-34 Mercenary. 01592_ G-34 Mercenary suffers critical hit (Smash). 01592_ Destroyed Ion Engine. 01592_ G-34 Mercenary system corrupted by crushing effect. 01592_ Mace follow-up attack on G-34 Mercenary. 01596_ G-34 Mercenary misfires. 01597_ G-34 Mercenary suffers critical hit (Smash). 01597_ Destroyed Aluminum Leg. 01597_ G-34 Mercenary system corrupted by crushing effect. 01598_ G-34 Mercenary system terminally corrupted. 01598_ Heat Sink fried. 01606_ Destroyed Aluminum Leg. 01606_ G-34 Mercenary system corrupted by crushing effect. 01606_ G-34 Mercenary destroyed. 01607_ Wheel destroyed. Map ----- +----------------------------------------------------+ | ????# # # ## % < %% | | ????########## # #T """ | | ?????????# # ## Y" # #^^^ | | ?????????# # ## """ # "|"!" #^^^ | | ?????????# # ## #""|"!""# | | ?????????##########+#### ######### | | ?????????# [[ + | | ?????????# [[ # ######### | | ?????????# [ # ## """ # | | ????????## # ## "T" # | | ???????? # + [[ ## # | | ?? ????? # # [[ %## # | | ?? ???? # ###### [= %## #% | | ??? """ # #????# ## # | | ??? """ # #????# #####+### | | ???? ##########????# % %% | | ???? """ #?????????????# %% | | ?????""" #?????????????########### !// | | ?????""" #???#######?????????????#% !// """"" | | ?????? ????# #?########????# // """"" | | ?????? ????# #?# #????#% """"" | | #######+###### #?# #????# | | # # =# #?# "" #????# | | # + # #?# ! Y" #????# | | # # """ # #?# "" #????# | | # # """ # #?# @%[ #????# ###+#### | | # #=%""" # ######g######## # # | | # " # # ## % u < # """ #! | | #"T # # ## # """ ##! ! | | #"" # #### # ## ###+########### """ |##### | | # # #??# # ??# # ????????# #???? | | ##+### #### ##+##### # ??????# "T" #???? | | # ## # # ????########???? | | # # # # """ #??????????????? | | # + ################# """"" #??????????????? | | # ###???????????????# """"" #??????????????? | | # ####?????????????????# """"" % #??????????????? | | ???????????????????????# """ #??????????????? | | ????????????????????????##??????##??????????????? | | | | | | | | | | | | | | | | | | | | | | | +----------------------------------------------------+ Best States ------------- Heat Dissipation 25 Energy Generation 14 Energy Capacity 265 Matter Stores 300 Matter Capacity 300 Sight Range 18 Terrain Scan Density 10 Evasion (%) 42 Recoil Reduction 2 Item Schematics ----------------- None Robot Schematics ------------------ None Fabricated ------------ Nothing Alien Tech Used ----------------- None Achievements -------------- None Challenges ------------ None Game ------ Seed CommAerolevFirepult Manual? 0 Play Time 00:19:51 Cumulative 66.9 hours Start 2023.11.25 @ 14:50:37 End 2023.11.25 @ 15:12:07 Sessions 1 Manual Loads 0 Difficulty Rogue Special Mode None Game No. 61 Rogue 58 Adventurer 3 Explorer 0 Win Type - Total 0 Types 0/0/0/0/0/0/0/0/0 Lore% 54 Gallery% 54 Achievement% 47 Wizard Run 0 Options --------- ASCII 0 Keyboard 0 Movement Mouse Keybinds 0 Fullscreen 2 Font 18/SmallcapsGlow Map View 76x50 Tactical HUD 1 Map Filters NONE Filters NONE Steam 1 RUN: 2c14f3d8-e3a5-4b3f-b91a-8a9daac43628